 Dungeon Crawl Stone Soup version 0.30-a0-651-g0755cc6dcf (console) character file.

Game seed: 13582684717703109241

60 Ignak the Ogre Mage (level 4, -4/42 HPs)
             Began as an Ogre Hedge Wizard on Jan 18, 2023.
             Slain by a goblin
             ... wielding a +2 dagger of electrocution
             ... led by Robin
              (10 damage)
             ... on level 2 of the Dungeon.
             The game lasted 00:04:57 (1345 turns).

Ignak the Ogre Mage (Ogre Hedge Wizard)             Turns: 1345, Time: 00:04:58

Health: -4/42      AC:  3    Str: 16    XL:     4   Next: 6%
Magic:  1/9        EV:  9    Int: 15    God:
Gold:   55         SH:  5    Dex:  8    Spells: 2/10 levels left

rFire   . . .      SeeInvis .    n - +0 short sword (venom)
rCold   . . .      Faith    .    (no shield)
rNeg    . . .      Spirit   .    b - +0 robe
rPois   .          Reflect  +    c - +0 hat
rElec   .          Harm     .    (no cloak)
rCorr   .          Rampage  .    (gloves unavailable)
Will    +....                    (boots unavailable)
Stlth   +                        e - amulet of reflection
HPRegen 0.27/turn                k - ring of willpower
MPRegen 0.11/turn                (no ring)

@: on blink cooldown
A: large, unfitting armour, tough skin 1
a: no special abilities


You were on level 2 of the Dungeon.
You visited 1 branch of the dungeon, and saw 2 of its levels.

You collected 55 gold pieces.

Inventory:

Hand Weapons
 a - a +0 dagger
 g - a +0 club
 n - a +0 short sword of venom (weapon)
Armour
 b - a +0 robe (worn)
 c - a +0 hat (worn)
Jewellery
 e - an amulet of reflection (around neck)
 k - a ring of willpower (left hand)
Scrolls
 h - a scroll of vulnerability {unknown}
 i - 2 scrolls of identify
 l - a scroll of immolation
 m - a scroll of summoning {unknown}
 o - a scroll of magic mapping {unknown}
Potions
 d - 2 potions of magic
 f - 2 potions of heal wounds {unknown}
 j - a potion of haste {unknown}
 p - a potion of berserk rage {unknown}


   Skills:
 * Level 2.1 Fighting
 + Level 0.0 Maces & Flails
 + Level 0.6 Armour
 + Level 2.0 Dodging
 - Level 1.4 Stealth
 + Level 0.8 Unarmed Combat
 + Level 3.8 Spellcasting
 + Level 1.3 Conjurations
 - Level 0.8 Summonings
 + Level 1.3 Translocations
 + Level 0.4 Air Magic
 + Level 0.2 Poison Magic


You had 2 spell levels left.
You knew the following spells:

 Your Spells              Type           Power      Damage    Failure   Level
a - Magic Dart            Conj           24%        1d4       11%         1
b - Blink                 Tloc           12%        N/A       16%         2
d - Mephitic Cloud        Conj/Pois/Air  4%         N/A       38%         3
e - Call Imp              Summ           5%         N/A       21%         2

Your spell library contained the following spells:

 Spells                   Type           Power      Damage    Failure   Level
 Slow                     Hex            8%         N/A       19%         1
 Cigotuvi's Dreadful Rot  Necr/Pois/Air  6%         N/A       26%         2
 Animate Dead             Necr           2%         N/A       88%         4
 Borgnjor's Vile Clutch   Necr/Erth      1%         N/A       99%         5
 Death Channel            Necr           1%         N/A       100%        6


Dungeon Overview and Level Annotations

Branches:
Dungeon (2/15)

Altars:
The Shining One

Annotations:
D:2 Robin


Innate Abilities, Weirdness & Mutations

You are too large for most types of armour.
You have tough skin. (AC +1)


Message History

Robin throws the goblin at you! You block the goblin's attack.
The goblin barely misses you.
Your crimson imp barely misses the goblin.
The goblin attacks as you move away! The goblin hits you but does no damage.
You feel sick.
You are no longer poisoned.
A bat comes into view.
The goblin closely misses you.
The bat moves out of view.
Your magical contamination has completely faded away.
You closely miss the goblin.
You feel stable enough to blink again. The adder closely misses you.
The goblin hits your crimson imp with a +0 club.
The goblin hits you with a +2 dagger of electrocution.
The goblin hits you with a +0 club. Robin barely misses you.
Your crimson imp closely misses the goblin.
Casting: Blink (safe; 16% risk of failure)
Confirm with . or Enter, or press ? or * to list all spells.
You blink.
The goblin unwields a +0 dagger.
The goblin wields a +0 sling.
The goblin shoots a sling bullet.
You reflect the sling bullet off an invisible shield around you!
The sling bullet hits the goblin.
You kill the goblin!
Your crimson imp blinks!
A kobold comes into view. It is wielding a +0 short sword.
The kobold shouts!
You block the bat's attack. Robin throws the goblin at you!
The bat attacks as you move away! The bat barely misses you.
You block the bat's attack. The hobgoblin attacks as you move away!
The hobgoblin hits you.
The goblin no longer looks unusually strong.
The bat hits you but does no damage. The goblin hits you with a +0 club.
* * * LOW HITPOINT WARNING * * *
Robin throws the goblin at you!
Unknown command.
The goblin attacks as you move away!
The goblin hits you with a +2 dagger of electrocution.
* * * LOW HITPOINT WARNING * * *
You are electrocuted!
You die...

#....# #.#.#.#.#.#...# #
#....######.#.#...#(#.#.#
#
...........#.#####.#.#.#
#
#........#.......#.#.####
#........##....###.#...##
#...!.....'....+ ..###.##
#...g..).##....# ### #..#
#.)).)gg.g###### ##.#
..#..wS.gg@.# #..
.....5.gg.g.# ###.
..........b.# #...
#........#....# #...
#........#....# #...
#########....... ####
#......... #.......K.
#.........


You could see a worm, Robin, an adder, a hobgoblin (strong), 7 goblins, a bat
and a friendly crimson imp (summoned).

Vanquished Creatures
  A worm (D:2)
  3 dart slugs
  3 ball pythons
  2 endoplasms (D:1)
  3 giant cockroaches
  3 goblins
  A hobgoblin (D:2)
  A kobold (D:2)
  A quokka (D:1)
  2 bats
  7 rats (D:1)
27 creatures vanquished.

Vanquished Creatures (collateral kills)
  An adder (D:2)
  2 bats
  An endoplasm (D:1)
  3 goblins (D:2)
  2 jackals (D:1)
  A quokka (D:1)
  A ball python (D:2)
  A frilled lizard (D:1)
12 creatures vanquished.

Grand Total: 39 creatures vanquished

Notes
Turn   | Place    | Note
-------+----------+-------------------------------------------
     0 | D:1      | Ignak the Ogre Hedge Wizard began the quest for the Orb.
     0 | D:1      | Reached XP level 1. HP: 16/16 MP: 5/5
    97 | D:1      | Reached skill level 1 in Conjurations
    97 | D:1      | Reached skill level 1 in Translocations
   131 | D:1      | Reached skill level 1 in Fighting
   131 | D:1      | Reached XP level 2. HP: 15/27 MP: 1/6
   135 | D:1      | Learned a level 2 spell: Blink
   138 | D:1      | Learned a level 2 spell: Call Imp
   523 | D:1      | Reached XP level 3. HP: 29/33 MP: 2/8
   997 | D:1      | Learned a level 3 spell: Mephitic Cloud
  1028 | D:2      | Found a glowing golden altar of the Shining One.
  1323 | D:2      | Reached XP level 4. HP: 42/42 MP: 6/9
  1326 | D:2      | Noticed Robin
  1345 | D:2      | Slain by a goblin

Illustrated notes

Levels and vault maps discovered:
D:1:      dpeg_arrival_boxes_within_box, layout_rooms, kennysheep_nondescript,
          palyth_stone_intersect, hangedman_feature_mirror,
          chequers_serial_rivers_small_3, minmay_pentomino_s4
D:2:      layout_basic, basic_altar, nrook_mini_vaults, uniq_robin

Skill      XL: |  1  2  3 |
---------------+----------+-----
Conjurations   | 1 |  1.3
Translocations | 1 |  1.3
Fighting       | 1 2 |  2.1
Dodging        | 2 |  2.0
Armour         | |  0.6
Stealth        | |  1.4
Unarmed Combat | |  0.8
Spellcasting   | |  3.8
Summonings     | |  0.8
Air Magic      | |  0.4
Poison Magic   | |  0.2

Action                   |  1- 3 |  4- 6 || total
-------------------------+-------+-------++-------
Melee: Dagger            |    10 |       ||    10
       Club              |    33 |       ||    33
       Punch             |     2 |       ||     2
       Short sword       |    21 |     2 ||    23
 Cast: Magic Dart        |    21 |       ||    21
       Call Imp          |     8 |     1 ||     9
       Blink             |       |     2 ||     2
  Use: Scroll            |       |     1 ||     1
Armor: Robe              |    28 |     8 ||    36
Dodge: Dodged            |    29 |     9 ||    38
Block: Other             |    19 |     7 ||    26
       Reflection        |       |     1 ||     1

Table legend: (Time is in decaauts)
 A = Elapsed time spent in this place.
 B = Non-inter-level travel time spent in this place.
 C = Inter-level travel time spent in this place.
 D = Time resting spent in this place.
 E = Time spent auto-exploring this place.
 F = Levels seen in this place.
 G = Mean time per level.
                   A        B        C        D        E       F      G
               +--------+--------+--------+--------+--------+-----+--------+
         Total |   1353 |   1330 |     23 |      0 |    904 |   2 |  676.5 |
       Dungeon |   1353 |   1330 |     23 |      0 |    904 |   2 |  676.5 |
               +--------+--------+--------+--------+--------+-----+--------+

Top non-repeatable levels by time:
     D:1: 1028 daAuts
     D:2: 324 daAuts
